 Dungeon Crawl Stone Soup version 0.26-a0-259-g1effd001a9 (webtiles) character file.

Game seed: 10129864458124161298

665 funkygono the Ruffian (level 7, -2/67 HPs)
             Began as a Troll Fighter on July 13, 2020.
             Killed from afar by Blork the orc (7 damage)
             ... with a magic dart
             ... on level 6 of the Dungeon.
             The game lasted 00:05:21 (2181 turns).

funkygono the Ruffian (Troll Fighter)               Turns: 2181, Time: 00:05:22

Health: -2/67      AC:  6    Str: 27    XL:     7   Next: 31%
Magic:  6/6        EV:  9    Int:  4    God:
Gold:   110        SH: 10    Dex:  9    Spells: 6/6 levels left

rFire    + . .     SeeInvis .     - Unarmed
rCold    x . .     Faith    .   b - +1 kite shield
rNeg     . . .     Spirit   .   a - +0 robe
rPois    .         Reflect  .   (helmet restricted)
rElec    .         Harm     .   (no cloak)
rCorr    .                      (gloves unavailable)
MR       .....                  (boots unavailable)
Stlth    +.........             (no amulet)
HPRegen  0.61/turn              p - ring of fire
MPRegen  0.10/turn              (no ring)

@: mighty
A: large, unfitting armour, claws 3, fast metabolism 1, regeneration 1, shaggy
fur 1, tough skin 3
a: no special abilities


You were on level 6 of the Dungeon.
You were not hungry.

You visited 1 branch of the dungeon, and saw 6 of its levels.

You collected 110 gold pieces.

Inventory:

Missiles
 i - 3 curare-tipped darts (quivered)
 l - 141 stones
 n - 8 poisoned darts
Armour
 a - a +0 robe (worn)
 b - a +1 kite shield (worn)
Jewellery
 p - a ring of fire (left claw)
Wands
 e - a wand of disintegration (10)
Scrolls
 g - 3 scrolls of teleportation
 k - a scroll of remove curse
 m - a scroll of identify
Potions
 c - a potion of might
 f - a potion of haste
 j - 2 potions of cancellation
 o - a potion of stabbing {unknown}
Comestibles
 d - 14 rations


   Skills:
 + Level 3.0 Fighting
 + Level 1.1 Throwing
 + Level 3.5 Dodging
 + Level 3.9 Shields
 + Level 5.9 Unarmed Combat


You had 6 spell levels left.
You didn't know any spells.
Your spell library was empty.

Dungeon Overview and Level Annotations

Branches:
Dungeon (7/15)
 Temple: D:4-7

Altars:
Dithmenos
Okawaru

Shops:
D:4 %

Annotations:
D:6 Blork the orc


Innate Abilities, Weirdness & Mutations

You are too large for most types of armour.
You have claws for hands.
You have a fast metabolism.
Your natural rate of healing is unusually fast.
You are covered in fur. (AC +1)
You have extremely tough skin. (AC +3)


Message History

You claw the ogre!
You kill the ogre!
Your Fighting skill increases to level 3!
Something hits you but does no damage.
The orc throws a boomerang.
The boomerang barely misses you.
The weapon returns to the orc!
You closely miss something. Something hits you!
* * * LOW HITPOINT WARNING * * *
You scratch something. Something completely misses you.
The orc throws a boomerang.
You block the boomerang.
The weapon returns to the orc!
Something hits you.
* * * LOW HITPOINT WARNING * * *
You barely miss something. You block something's attack.
The orc throws a boomerang.
The boomerang barely misses you.
The weapon returns to the orc!
You claw something!
An orc wizard comes into view. It is wielding a +0 dagger.
You hear some strange, mumbled words.
A magic dart appears from out of thin air!
The magic dart hits you!
You die...

...# .. ....
#..#. ##.......
%...##^.#.....
≈.#...#..o...(.
≈............#
≈......a.....##
#o#.....
#{#...##
###@#....#
#...>....#
#...##.#..#
#..## .. .?.#
#.. #### .. .


You could see a worker ant, an orc wizard and an orc.

Vanquished Creatures
  A sky beast (D:7)
  A black bear (D:7)
  3 ogres
  A bullfrog (D:6)
  A worker ant (D:4)
  Robin (D:2)
  6 adders
  A worm (D:2)
  5 dart slugs
  A leopard gecko (D:2)
  An orc (D:3)
  A giant cockroach (D:2)
  10 goblins
  10 hobgoblins
  10 jackals
  A quokka (D:2)
  A ball python (D:1)
  7 bats
  A frilled lizard (D:2)
  13 kobolds
  2 rats
78 creatures vanquished.

Notes
Turn   | Place    | Note
-------+----------+-------------------------------------------
     0 | D:1      | funkygono the Troll Fighter began the quest for the Orb.
     0 | D:1      | Reached XP level 1. HP: 22/22 MP: 0/0
   139 | D:1      | Reached XP level 2. HP: 29/29 MP: 1/1
   858 | D:1      | Reached XP level 3. HP: 36/36 MP: 2/2
  1082 | D:2      | Found a shadowy altar of Dithmenos.
  1093 | D:2      | Reached skill level 3 in Unarmed Combat
  1168 | D:2      | Reached XP level 4. HP: 44/44 MP: 3/3
  1550 | D:2      | Noticed Robin
  1563 | D:2      | Killed Robin
  1838 | D:3      | Reached XP level 5. HP: 49/50 MP: 4/4
  1844 | D:3      | Reached skill level 4 in Unarmed Combat
  1903 | D:3      | Found an iron altar of Okawaru.
  1907 | D:3      | You fall into a shaft and drop 1 floor!
  1926 | D:4      | Found Limurgh's Food Shop.
  1998 | D:4      | Noticed an ogre
  2003 | D:4      | Killed an ogre
  2029 | D:4      | You fall into a shaft and drop 3 floors!
  2029 | D:7      | Noticed an ogre
  2030 | D:7      | Noticed a sky beast
  2040 | D:7      | Killed an ogre
  2040 | D:7      | Reached skill level 5 in Unarmed Combat
  2040 | D:7      | Reached XP level 6. HP: 32/59 MP: 5/5
  2045 | D:7      | Killed a sky beast
  2128 | D:7      | Reached XP level 7. HP: 63/66 MP: 6/6
  2147 | D:6      | Noticed Blork the orc
  2170 | D:6      | Reached skill level 1 in Throwing
  2174 | D:6      | HP: 1/66 [something (5)]
  2181 | D:6      | Killed from afar by Blork the orc

Illustrated notes

Levels and vault maps discovered:
D:1:      minmay_arrival_loop, layout_basic
D:2:      layout_loops_ring, lemuel_coloured_pillars_altar, minmay_tromino_v2,
          uniq_robin
D:3:      layout_rooms, hangedman_decor_clover_reticule, okawaru_gym_becter
D:4:      layout_loops_corners, chequers_temple_overflow_statue_of_worship,
          kennysheep_mini_moat, yredelemnul_forgotten_temple_becter,
          first_ration, minmay_shop_grid_forest
D:6:      layout_rooms, temple_doors_ab, cheibrodos_sewer_entry_sluice,
          uniq_maggie, uniq_blork_the_orc
D:7:      layout_basic

Skill      XL: |  1  2  3  4  5  6  7 |
---------------+----------------------+-----
Unarmed Combat | 3 5 |  5.9
Shields        | 3 |  3.9
Dodging        | 3 |  3.5
Throwing       | 1 |  1.1
Fighting       | 3 |  3.0

Action                   |  1- 3 |  4- 6 |  7- 9 || total
-------------------------+-------+-------+-------++-------
Melee: Unarmed           |    96 |   109 |    27 ||   232
Throw: Stone             |     5 |     6 |       ||    11
       Dart              |       |     5 |       ||     5
  Use: Scroll            |     6 |     6 |       ||    12
       Potion            |       |       |     2 ||     2
 Stab: Sleeping          |     1 |       |       ||     1
  Eat: Ration            |     2 |       |       ||     2
Armor: Robe              |    32 |    32 |     8 ||    72
Dodge: Dodged            |    28 |    43 |    13 ||    84
Block: Kite shield       |    42 |    59 |    23 ||   124

Table legend:
 A = Non-vault XP
 B = Vault XP
 C = Vault XP percentage of total XP
 D = Non-vault monster count
 E = Vault monster count
 F = Vault count percentage of total count
                 A         B        C        D         E       F
            +---------+---------+-------+---------+---------+-------
      Total |     914 |      36 |   3.8 |      65 |      13 |  16.7
            +---------+---------+-------+---------+---------+-------
        D:1 |      43 |       0 |   0.0 |      23 |       0 |   0.0
        D:2 |     103 |      35 |  25.4 |      29 |      12 |  29.3
        D:3 |      34 |       0 |   0.0 |       6 |       0 |   0.0
        D:4 |     148 |       0 |   0.0 |       2 |       0 |   0.0
        D:6 |     213 |       1 |   0.5 |       2 |       1 |  33.3
        D:7 |     373 |       0 |   0.0 |       3 |       0 |   0.0
            +---------+---------+-------+---------+---------+-------
